 Dungeon Crawl Stone Soup version 0.29-a0-1052-g6990b1bffc (webtiles) character file.

Game seed: 7593811554197443484

90 riojii the Trooper (level 4, -1/40 HPs)
             Began as a Ghoul Fighter on Aug 17, 2022.
             Slain by a gnoll
             ... wielding a +0 halberd
              (12 damage)
             ... on level 2 of the Dungeon.
             The game lasted 00:02:50 (2012 turns).

riojii the Trooper (Ghoul Fighter)                  Turns: 2012, Time: 00:02:51

Health: -1/40      AC:  6    Str: 21    XL:     4   Next: 56%
Magic:  3/3        EV:  9    Int:  3    God:
Gold:   61         SH:  4    Dex:  8    Spells: 3/3 levels left

rFire   . . .      SeeInvis .     - Unarmed
rCold   + . .      Faith    .   b - +0 buckler
rNeg    + + +      Spirit   .   a - +0 scale mail
rPois   ∞          Reflect  .   (no helmet)
rElec   .          Harm     .   (no cloak)
rCorr   .          Rampage  .   (no gloves)
Will    .....                   (no boots)
Stlth   ..........              (no amulet)
HPRegen 0.00/turn               (no ring)
MPRegen 0.08/turn               (no ring)

@: mighty, inhibited regen
A: claws 1, cold resistance 1, negative energy resistance 3, inhibited
regeneration, torment resistance 2, devour on kill
a: no special abilities


You were on level 2 of the Dungeon.
You visited 1 branch of the dungeon, and saw 3 of its levels.

You collected 61 gold pieces.

Inventory:

Armour
 a - a +0 scale mail (worn)
 b - a +0 buckler (worn)
Wands
 j - a wand of mindburst (8)
Scrolls
 f - a scroll of immolation {unknown}
 g - a scroll of identify
Potions
 d - a potion of resistance
 e - a potion of haste
 h - a potion of cancellation {unknown}
 i - a potion of mutation {unknown}


   Skills:
 * Level 4.3 Fighting
 + Level 3.1 Armour
 + Level 3.1 Shields
 * Level 3.3 Unarmed Combat


You had 3 spell levels left.
You didn't know any spells.
Your spell library was empty.

Dungeon Overview and Level Annotations

Branches:
Dungeon (3/15)

Altars:


Innate Abilities, Weirdness & Mutations

You are immune to poison.
You have sharp fingernails.
Your flesh is cold resistant. (rC+)
You are immune to negative energy. (rN+++)
You do not regenerate when monsters are visible.
You are immune to unholy pain and torment.
You thrive by killing the living.


Message History

You completely miss the adder.
The adder is severely wounded.
The gnoll shouts!
The adder barely misses you. The adder bites you but does no damage.
The adder attacks as you move away! The adder barely misses you.
The adder bites you but does no damage. The adder attacks as you move away!
The adder barely misses you. The adder bites you but does no damage.
The adder bites you but does no damage. The adder attacks as you move away!
You block the adder's attack.
The jackal barks!
You claw the adder!
You kill the adder!
The adder bites you but does no damage. x2
The gnoll shouts!
You claw the adder!
The adder is almost dead.
The gnoll closely misses you. The adder closely misses you.
You scratch the adder.
You kill the adder!
You feel better.
The gnoll hits you from afar with a +0 halberd.
The gnoll throws a throwing net.
The throwing net barely misses you. The gnoll completely misses you.
The gnoll hits you but does no damage.
You scratch the gnoll but do no damage. The gnoll hits you with a +0 halberd!
The gnoll barely misses you. The gnoll attacks as you move away!
The gnoll barely misses you. You block the gnoll's attack.
You see here a throwing net.
The gnoll attacks as you move away! The gnoll barely misses you.
You feel very mighty all of a sudden. The gnoll barely misses you.
The gnoll hits you but does no damage.
You barely miss the gnoll. The gnoll hits you with a +0 halberd.
You barely miss the gnoll. The gnoll hits you with a +0 halberd!
* * * LOW HITPOINT WARNING * * *
You are too injured to fight recklessly!
You are too injured to fight recklessly!
You closely miss the gnoll. The gnoll hits you with a +0 halberd!
You die...

##...###.# #......#
...... #....#...#
#.B....# ......
#....#...# ##'#### .....
#....#...## ###..# ....
#....#....# #hB.##
#...K#....## ##h###
'....''....# #gg#
#....##...[# #g##
#....##....# #@#
#....##....# #.#
##########.# #.# #.#
##.# ### #.# ##..# #####
..########.###..## #...#
#.....#.)..##..#####)..#
##....#)#####†.........#
#..........'.....†...##


You could see 3 gnolls, 2 jackals and a giant cockroach.

Vanquished Creatures
  A gnoll (D:2)
  3 adders (D:2)
  A dart slug (D:1)
  5 endoplasms
  7 goblins
  5 hobgoblins
  5 jackals
  3 quokkas
  6 ball pythons
  4 bats
  3 frilled lizards
  4 kobolds
47 creatures vanquished.

Notes
Turn   | Place    | Note
-------+----------+-------------------------------------------
     0 | D:1      | riojii the Ghoul Fighter began the quest for the Orb.
     0 | D:1      | Reached XP level 1. HP: 19/19 MP: 0/0
   146 | D:1      | Reached XP level 2. HP: 18/26 MP: 1/1
   319 | D:1      | Found a faded altar of an unknown god.
   600 | D:1      | Reached XP level 3. HP: 33/33 MP: 2/2
  1076 | D:2      | Reached skill level 4 in Fighting
  1840 | D:2      | Reached XP level 4. HP: 40/40 MP: 3/3
  2012 | D:2      | Slain by a gnoll

Illustrated notes

Levels and vault maps discovered:
D:1:      grunt_arrival_crossed_arrows, layout_loops_cross,
          chequers_ecumenical_altar_lobes, chequers_serial_rivers_small_b,
          kennysheep_pointless_box
D:2:      layout_basic, wad_floor_pattern_untrapped
D:3:      layout_basic, nicolae_uskayaw_suspiria, corexii_leaking_fountain

Skill      XL: |  1  2  3 |
---------------+----------+-----
Fighting       | 4 |  4.3
Armour         | 3 |  3.1
Unarmed Combat | 3 |  3.3
Shields        | 3 |  3.1

Action                   |  1- 3 |  4- 6 || total
-------------------------+-------+-------++-------
Melee: Unarmed           |   154 |    41 ||   195
  Use: Scroll            |     4 |       ||     4
       Potion            |       |     1 ||     1
Armor: Scale mail        |    82 |    21 ||   103
Dodge: Dodged            |    70 |    23 ||    93
Block: Buckler           |    35 |     3 ||    38

Table legend: (Time is in decaauts)
 A = Elapsed time spent in this place.
 B = Non-inter-level travel time spent in this place.
 C = Inter-level travel time spent in this place.
 D = Time resting spent in this place.
 E = Time spent auto-exploring this place.
 F = Levels seen in this place.
 G = Mean time per level.
                   A        B        C        D        E       F      G
               +--------+--------+--------+--------+--------+-----+--------+
         Total |   2010 |   1993 |     17 |    333 |   1262 |   3 |  670.0 |
       Dungeon |   2010 |   1993 |     17 |    333 |   1262 |   3 |  670.0 |
               +--------+--------+--------+--------+--------+-----+--------+

Top non-repeatable levels by time:
     D:1: 1014 daAuts
     D:2: 661 daAuts
     D:3: 334 daAuts
